 Dungeon Crawl Stone Soup version 0.21-a0-509-gecc5317 (webtiles) character file.

481 KristoblXynda the Slasher (level 6, -5/52 HPs)
             Began as a Draconian Gladiator on Nov 29, 2017.
             Killed from afar by an orc wizard (7 damage)
             ... with a magic dart
             ... on level 4 of the Dungeon.
             The game lasted 00:06:37 (2863 turns).

KristoblXynda the Slasher (Draconian Gladiator)     Turns: 2863, Time: 00:06:38

Health: -5/52      AC:  7    Str: 22    XL:     6   Next: 87%
Magic:  6/6        EV: 14    Int:  8    God:
Gold:   188        SH:  0    Dex: 14    Spells: 5/5 levels left

rFire    . . .     SeeInvis .   a - +0 long sword
rCold    . . .     Gourm    .   (no shield)
rNeg     . . .     Faith    .   (armour unavailable)
rPois    .         Spirit   .   b - +0 hat
rElec    .         Reflect  .   (no cloak)
rCorr    .         Harm     .   (no gloves)
MR       .....                  p - +0 pair of boots (curse)
Stlth    +.........             (no amulet)
HPRegen  0.17/turn              n - ring of flight
MPRegen  0.10/turn              (no ring)

@: mighty, flying
A: unfitting armour, sense surroundings 1, robust 1, cold-blooded, AC +6
a: no special abilities


You were on level 4 of the Dungeon.
You were hungry.

You visited 2 branches of the dungeon, and saw 5 of its levels.

You collected 188 gold pieces.

Inventory:

Hand Weapons
 a - a +0 long sword (weapon)
Missiles
 c - 3 throwing nets (quivered)
Armour
 b - a +0 hat (worn)
 p - a cursed +0 pair of boots (worn)
Jewellery
 n - a ring of flight (left hand)
Wands
 o - a wand of paralysis (8)
Scrolls
 i - 8 scrolls of identify {unknown}
 j - a scroll of enchant weapon {unknown}
 m - 2 scrolls of amnesia
 q - a scroll of teleportation {unknown}
 r - a scroll of remove curse {unknown}
Potions
 e - a potion of mutation
 h - a potion of magic
Comestibles
 d - 3 bread rations
 l - 2 meat rations


   Skills:
 - Level 2.1 Fighting
 * Level 5.9 Long Blades
 + Level 3.6 Throwing
 + Level 4.2 Dodging


You had 5 spell levels left.
You didn't know any spells.

Dungeon Overview and Level Annotations

Branches:
Dungeon (4/15)             Temple (1/1) D:4

Altars:
Dithmenos
Elyvilon
Fedhas
Gozag
Hepliaklqana
Kikubaaqudgha
Qazlal
Ru
Sif Muna
Vehumet
Wu Jian
Xom
The Shining One


Innate Abilities, Weirdness & Mutations

Your plain brown scales are hard. (AC +6)
You cannot fit into any form of body armour.
You are cold-blooded and may be slowed by cold attacks.
You passively map a small area around you.
You are robust. (+10% HP)


Message History

You hit the orc wizard but do no damage.
The orc wizard is moderately wounded.
It was a potion of might.
You feel very mighty all of a sudden.
The orc wizard hits you but does no damage. x2
It was a potion of flight.
You feel very buoyant.
You fly up into the air.
The orc wizard closely misses you.
Unknown command.
Okay, then.
You miss the orc wizard.
The orc wizard is moderately wounded.
The orc wizard hits you but does no damage.
The orc wizard barely misses you.
Unknown command.
You slash the orc wizard!
The orc wizard is almost dead.
The orc wizard gestures at you while chanting.
The magic dart hits you!
You die...

...............# ...#
,
....####...##).##..#*
* ....# ##..........#
....#####.#.......##
...........#.8.#..#
....#####....)....#
...........8.>.8..#
..#########...Wo..#
### ##.8.#@.#
#.....$.# #########


You could see a phantom and an orc wizard.

Vanquished Creatures
  The ghost of Megalobster the Shield-Bearer, an amateur DDFi (D:3)
  An ogre (D:3)
  A scorpion (D:4)
  2 hounds (D:4)
  2 orc wizards (D:4)
  A worker ant (D:4)
  3 adders
  4 worms
  4 dart slugs
  2 leopard geckos
  5 orcs
  2 ball pythons
  8 bats
  4 giant cockroaches
  6 goblins
  5 hobgoblins
  5 jackals
  A quokka (D:4)
  A frilled lizard (D:1)
  6 kobolds
  8 rats
72 creatures vanquished.

Notes
Turn   | Place    | Note
-------+----------+-------------------------------------------
     0 | D:1      | KristoblXynda the Draconian Gladiator began the quest for the Orb.
     0 | D:1      | Reached XP level 1. HP: 17/17 MP: 1/1
   322 | D:1      | Reached XP level 2. HP: 24/24 MP: 2/2
   831 | D:2      | Reached XP level 3. HP: 21/29 MP: 3/3
  1240 | D:2      | Found a deep blue altar of Sif Muna.
  1253 | D:2      | Reached skill level 4 in Long Blades
  1434 | D:2      | Reached XP level 4. HP: 36/36 MP: 4/4
  1551 | D:3      | Noticed Megalobster's ghost (amateur DDFi)
  2069 | D:3      | Noticed an ogre
  2090 | D:3      | Killed an ogre
  2090 | D:3      | Reached XP level 5. HP: 37/41 MP: 5/5
  2127 | D:3      | Killed Megalobster's ghost
  2127 | D:3      | Reached skill level 5 in Long Blades
  2127 | D:3      | Reached XP level 6. HP: 23/48 MP: 6/6
  2740 | D:4      | Found a staircase to the Ecumenical Temple.
  2749 | Temple   | Entered the Ecumenical Temple
  2854 | D:4      | HP: 2/48 [phantom (10)]
  2856 | D:4      | Gained mutation: You are robust. (+10% HP) [potion of mutation]
  2856 | D:4      | Gained mutation: You passively map a small area around you. [potion of mutation]
  2863 | D:4      | Killed from afar by an orc wizard

Vault maps used:
D:1:      dpeg_arrival_shelter, minmay_fountain_box, minmay_misc_feat_hallway,
          minmay_door_square, minmay_rat_gold_closets
D:2:      nicolae_overflow_hidden_temple, first_bread
D:4:      minmay_temple_entry_statues_pillars, kennysheep_pointless_box
Temple:   chequers_temple_sunken

Skill      XL: |  1  2  3  4  5  6 |
---------------+-------------------+-----
Throwing       | 2 3 |  3.6
Dodging        | 3 4 |  4.2
Long Blades    | 4 5 |  5.9
Fighting       | |  2.1

Action                   |  1- 3 |  4- 6 || total
-------------------------+-------+-------++-------
Melee: Long sword        |    69 |   138 ||   207
       Tailslap          |     9 |    34 ||    43
Evoke: Wand              |       |     2 ||     2
  Use: Potion            |       |     6 ||     6
       Scroll            |       |     1 ||     1
 Stab: Sleeping          |     1 |     1 ||     2
       Paralysed         |       |    14 ||    14
  Eat: Chunk             |     2 |     4 ||     6
Armor: Skin              |    23 |    38 ||    61
Dodge: Dodged            |    76 |   108 ||   184
       Rpst.: Long sword |    29 |    46 ||    75

Table legend:
 A = Spawn XP
 B = Non-spawn XP
 C = Spawn XP percentage of total XP
 D = Spawn monster count
 E = Non-spawn monster count
 F = Spawn count percentage of total count
 G = Total turns spent on level
                    A         B        C        D         E        F      G
               +---------+---------+-------+---------+---------+-------+---------
         Total |       0 |     688 |   0.0 |       0 |      72 |   0.0 |  2863
               +---------+---------+-------+---------+---------+-------+---------
           D:1 |       0 |      29 |   0.0 |       0 |      16 |   0.0 |   820
           D:2 |       0 |      68 |   0.0 |       0 |      21 |   0.0 |   857
           D:3 |       0 |     301 |   0.0 |       0 |      21 |   0.0 |   728
           D:4 |       0 |     290 |   0.0 |       0 |      14 |   0.0 |   406
               +---------+---------+-------+---------+---------+-------+---------
